 Dungeon Crawl Stone Soup version 0.31-a0-854-g362426d53f (webtiles) character file.

Game seed: 16449643567321013791

4622 croobank the Covert (level 10, -1/79 (82) HPs)
             Began as a Gnoll Delver on Oct 8, 2023.
             Was a Believer of Trog.
             Succumbed to a scorpion's poison
             ... on level 9 of the Dungeon.
             The game lasted 00:35:27 (11808 turns).

croobank the Covert (Gnoll Delver)                 Turns: 11808, Time: 00:35:28

HP:   -1/79 (82)    AC:  4    Str: 12    XL:     10   Next: 42%
MP:   18/18         EV: 15    Int: 12    God:    Trog [**....]
Gold: 388           SH:  0    Dex: 15    Spells: 19/19 levels left

rFire   . . .        a - +3 dagger (holy)
rCold   . . .        (no shield)
rNeg    + . .        K - +1 robe {rN+}
rPois   .            (no helmet)
rElec   .            (no cloak)
rCorr   .            k - +0 pair of gloves
SInv    .            (no boots)
Will    .....        (no amulet)
Stlth   +++++        u - ring of flight
HPRegen 0.33/turn    (no ring)
MPRegen 0.16/turn

%: no passive effects
@: lethally poisoned (-1 -> -13), on berserk cooldown, flying, lightly drained
A: fangs 1, strong nose, distributed training
a: Renounce Religion, Berserk, Trog's Hand


You were on level 9 of the Dungeon.
You worshipped Trog.
Trog was pleased with you.
You visited 1 branch of the dungeon, and saw 9 of its levels.

You collected 388 gold pieces.

Inventory:

Hand Weapons
 a - a +3 dagger of holy wrath (weapon)
 b - a +0 orcbow
 c - a +0 war axe of venom
 e - a +3 war axe
 f - a +0 dire flail of protection
 s - a +1 short sword of draining
 t - a +3 flail
 D - a +1 dagger of venom
 E - a +0 flail of protection
 F - a +1 short sword of draining
 H - a +0 trident
 J - a +0 scimitar
Missiles
 z - 5 boomerangs
 A - 15 poisoned darts
 B - 6 atropa-tipped darts
Armour
 k - a +0 pair of gloves (worn)
 w - a +0 ring mail
 K - a +1 robe of positive energy (worn)
 N - the +0 leather armour of Anaesthesia {rElec Will+ Int-2 Dex+4}
   (You found it on level 9 of the Dungeon)

   Int-2:     It affects your intelligence (-2).
   Dex+4:     It affects your dexterity (+4).
   rElec:     It insulates you from electricity.
   Will+:     It increases your willpower.
 O - a +0 kite shield
Jewellery
 u - a ring of flight (left hand)
 y - a ring of ice
 I - an amulet of the acrobat
Wands
 g - a wand of digging (3)
 p - a wand of iceblast (4)
 q - a wand of flame (32)
 v - a wand of mindburst (16)
Scrolls
 j - 3 scrolls of brand weapon
 n - 2 scrolls of teleportation
 r - 3 scrolls of revelation
 x - 3 scrolls of fear
 L - a scroll of vulnerability
 M - 2 scrolls of fog
Potions
 d - a potion of enlightenment
 h - 2 potions of curing
 i - a potion of resistance
 l - 3 potions of might {unknown}
 m - a potion of berserk rage {unknown}
 o - 2 potions of lignification {unknown}
 C - a potion of cancellation {unknown}
 G - a potion of brilliance {unknown}


   Skills:
 + Level 8.5 Fighting
 + Level 7.1 Short Blades
 + Level 5.3 Long Blades
 + Level 5.3 Axes
 + Level 5.3 Maces & Flails
 + Level 5.3 Polearms
 + Level 5.3 Staves
 + Level 5.3 Ranged Weapons
 + Level 5.3 Throwing
 + Level 5.3 Armour
 + Level 7.1 Dodging
 + Level 11.0 Stealth
 + Level 5.3 Shields
 + Level 5.3 Unarmed Combat
 + Level 5.3 Spellcasting
 + Level 4.4 Conjurations
 + Level 4.4 Hexes
 + Level 4.4 Summonings
 + Level 4.4 Necromancy
 + Level 4.4 Translocations
 + Level 4.4 Transmutations
 + Level 4.4 Fire Magic
 + Level 4.4 Ice Magic
 + Level 4.4 Air Magic
 + Level 4.4 Earth Magic
 + Level 4.4 Poison Magic
 + Level 5.9 Invocations
 + Level 5.3 Evocations
 + Level 4.9 Shapeshifting


You had 19 spell levels left.
You didn't know any spells.
Your spell library contained the following spells:

 Spells                   Type           Power      Damage    Failure   Level
 Hailstorm                Conj/Ice       13%        3d5       10%         3
 Iskenderun's Mystic Bla  Conj/Tloc      13%        2d5       30%         4
 Summon Ice Beast         Ice/Summ       13%        N/A       30%         4
 Vhi's Electric Charge    Tloc/Air       26%        N/A       30%         4
 Simulacrum               Ice/Necr       6%         N/A       99%         6


Dungeon Overview and Level Annotations

Branches:
Dungeon (9/15)             Temple (0/1) D:7            Lair (0/5) D:9
    Orc (0/2) D:9

Altars:
Cheibriados
Dithmenos
Kikubaaqudgha
Nemelex Xobeh
Okawaru
Ru
Trog
Uskayaw
Yredelemnul

Annotations:
D:9 exclusion: orange crystal statue


Innate Abilities, Weirdness & Mutations

You have very sharp teeth.
Your uncanny sense of smell can sniff out nearby items.
Your experience applies equally to all skills.


Message History

Things that are here:
a +1 dagger of draining; a +0 robe You feel sick.
The wight attacks as it pursues you!
The wight hits you with a +0 short sword!
* * * LOW HITPOINT WARNING * * *
You partially resist.
You feel drained.
* * * LOW HITPOINT WARNING * * *
Things that are here:
a +0 short sword; a +0 robe; an orc corpse
Okay, then.
Okay, then.
Okay, then.
Okay, then.
Okay, then.
Unknown command.
Unknown command.
Unknown command.
Unknown command.
You don't know any spells.
Okay, then.
Unknown command.
Aiming: Mindburst
Press: ? - help, Shift-Dir - straight line, f - wight
Aim: a wight, wielding a +0 short sword and wearing a +0 robe (chance to affect: 82%)
The wight's mind is blasted!!
You blow up the wight!
Trog accepts your kill.
You feel sick.
You feel sick.
Things that are here:
a +0 short sword; an orc corpse You feel sick.
You feel sick.
You are no longer poisoned.
You see here a +0 leather armour.
The scorpion attacks as it pursues you! The scorpion stings you.
* * * LOW HITPOINT WARNING * * *
You are lethally poisoned!
The scorpion poisons you!
You die...

#)....8.....#.........P........
##)..........#................>.
##.............#.####..P......z..
.).8....>..).8...# #....P.z.....
)#.............### #............
)##...........#########...P......
).#.....8.....#..s.z)))).....[...
######.....####..#######.........
#...###.### #..@# ###.......
#.......# #...# #.(.....
#...##### #...# #..##### ##...#
#...# #<.#
.....#########...#########..#####
.....................<...........
##########...##########..........
#...# #...####### #...# #####...#


You could see a scorpion.

Vanquished Creatures
  A yak (D:9)
  A wyvern (D:9)
  A steam dragon (D:6)
  Edmund (D:4)
  A water moccasin (D:7)
  An orc warrior (D:9)
  A sky beast (D:7)
  An ice beast (D:3)
  4 black bears
  An ogre (D:5)
  4 centaurs
  A phantom (D:4)
  2 kobold brigands
  3 bullfrogs
  A gnoll sergeant (D:9)
  3 scorpions
  A water moccasin zombie (D:5)
  14 wights
  9 killer bees
  3 electric eels (D:8)
  3 vampire bats (D:7)
  A howler monkey (D:5)
  3 hounds
  5 orc priests
  A sleepcap (D:7)
  2 jellies
  Ijyb (D:3)
  5 orc wizards
  Natasha (thrice) (D:3)
  A scorpion zombie (D:5)
  7 adders
  11 gnolls
  3 white imps
  An ufetubus (D:5)
  The ghost of Kurtz the Sneak, a weakling NaDe (D:5)
  A dart slug (D:3)
  30 orcs
  8 ball pythons
  3 bats
  2 bat skeletons (D:7)
  4 bat zombies (D:7)
  7 endoplasms
  4 giant cockroaches
  8 goblins
  2 hobgoblins
  2 quokkas
  2 frilled lizards (D:1)
  19 kobolds
  A rat (D:2)
195 creatures vanquished.

Notes
Turn   | Place    | Note
-------+----------+-------------------------------------------
     0 | D:5      | Reached skill level 9 in Stealth
     0 | D:5      | croobank the Gnoll Delver began the quest for the Orb.
     0 | D:5      | Reached XP level 1. HP: 23/23 MP: 1/1
    12 | D:5      | Noticed a black bear
   141 | D:7      | Noticed a kobold brigand
   213 | D:6      | Noticed a hound
   216 | D:6      | Killed a hound
   217 | D:6      | Reached XP level 2. HP: 29/29 MP: 1/3
   217 | D:6      | Reached XP level 3. HP: 35/35 MP: 1/4
   398 | D:7      | Reached skill level 1 in Long Blades
   398 | D:7      | Reached skill level 1 in Axes
   398 | D:7      | Reached skill level 1 in Maces & Flails
   398 | D:7      | Reached skill level 1 in Polearms
   398 | D:7      | Reached skill level 1 in Staves
   398 | D:7      | Reached skill level 1 in Ranged Weapons
   398 | D:7      | Reached skill level 1 in Throwing
   398 | D:7      | Reached skill level 1 in Armour
   398 | D:7      | Reached skill level 1 in Shields
   398 | D:7      | Reached skill level 1 in Unarmed Combat
   398 | D:7      | Reached skill level 1 in Spellcasting
   398 | D:7      | Reached skill level 1 in Invocations
   398 | D:7      | Reached skill level 1 in Evocations
   398 | D:7      | Reached XP level 4. HP: 41/41 MP: 5/5
   555 | D:5      | Reached skill level 1 in Shapeshifting
   556 | D:5      | Noticed an ogre
   595 | D:5      | Reached skill level 1 in Conjurations
   595 | D:5      | Reached skill level 1 in Hexes
   595 | D:5      | Reached skill level 1 in Summonings
   595 | D:5      | Reached skill level 1 in Necromancy
   595 | D:5      | Reached skill level 1 in Translocations
   595 | D:5      | Reached skill level 1 in Transmutations
   595 | D:5      | Reached skill level 1 in Fire Magic
   595 | D:5      | Reached skill level 1 in Ice Magic
   595 | D:5      | Reached skill level 1 in Air Magic
   595 | D:5      | Reached skill level 1 in Earth Magic
   595 | D:5      | Reached skill level 1 in Poison Magic
   706 | D:5      | Reached XP level 5. HP: 36/47 MP: 6/6
   852 | D:4      | Noticed Edmund
   870 | D:4      | Got a ragged book
   922 | D:3      | Found an iron altar of Okawaru.
  1041 | D:3      | Found a shadowy altar of Dithmenos.
  1084 | D:3      | Found a sacrificial altar of Ru.
  1350 | D:1      | Found a faded altar of an unknown god.
  1358 | D:1      | Prayed at the altar of an unknown god.
  1358 | D:1      | Became a worshipper of Trog the Wrathful
  1358 | D:1      | Reached * piety under Trog
  2667 | D:2      | Reached XP level 6. HP: 52/53 MP: 8/8
  2669 | D:2      | Reached ** piety under Trog
  2833 | D:3      | Noticed Natasha
  2843 | D:3      | Killed Natasha
  2844 | D:3      | Reached skill level 5 in Short Blades
  2844 | D:3      | Reached skill level 5 in Dodging
  2850 | D:3      | Noticed Ijyb
  2860 | D:3      | Killed Ijyb
  3105 | D:3      | Noticed an ice beast
  3244 | D:3      | Killed an ice beast
  3245 | D:3      | Reached XP level 7. HP: 59/59 MP: 10/10
  3838 | D:3      | Noticed a +0 hand axe
  3838 | D:3      | Noticed a +0 dagger
  3842 | D:3      | Found a hide-covered altar of Uskayaw.
  3941 | D:3      | Noticed Natasha
  4015 | D:3      | Killed Natasha
  4035 | D:3      | Noticed Natasha
  4055 | D:3      | Killed Natasha
  4186 | D:4      | Found a sparkling altar of Nemelex Xobeh.
  4261 | D:4      | Killed Edmund
  4262 | D:4      | Reached skill level 10 in Stealth
  4864 | D:5      | Found a runed translucent gate.
  4864 | D:5      | Found a runed translucent gate.
  4864 | D:5      | Found a runed translucent gate.
  4864 | D:5      | Noticed Kurtz's ghost (weakling NaDe)
  4866 | D:5      | Found a basalt altar of Yredelemnul.
  4889 | D:5      | Reached XP level 8. HP: 61/67 MP: 12/12
  4924 | D:5      | Killed Kurtz's ghost
  5245 | D:5      | Found a snail-covered altar of Cheibriados.
  7450 | D:7      | Reached XP level 9. HP: 73/73 MP: 14/14
  8389 | D:7      | Found a staircase to the Ecumenical Temple.
  8610 | D:7      | Found an ancient bone altar of Kikubaaqudgha.
  9081 | D:8      | Reached skill level 5 in Invocations
 10071 | D:9      | Found a staircase to the Lair.
 10074 | D:9      | Reached XP level 10. HP: 80/80 MP: 17/17
 10090 | D:9      | Noticed an orange crystal statue
 10185 | D:9      | Reached skill level 5 in Long Blades
 10185 | D:9      | Reached skill level 5 in Axes
 10185 | D:9      | Reached skill level 5 in Maces & Flails
 10185 | D:9      | Reached skill level 5 in Polearms
 10185 | D:9      | Reached skill level 5 in Staves
 10185 | D:9      | Reached skill level 5 in Ranged Weapons
 10185 | D:9      | Reached skill level 5 in Throwing
 10185 | D:9      | Reached skill level 5 in Armour
 10185 | D:9      | Reached skill level 5 in Shields
 10185 | D:9      | Reached skill level 5 in Unarmed Combat
 10185 | D:9      | Reached skill level 5 in Spellcasting
 10185 | D:9      | Reached skill level 5 in Evocations
 10500 | D:9      | Identified the +0 leather armour of Anaesthesia {rElec
                  | Will+ Int-2 Dex+4}
 10580 | D:9      | Found a staircase to the Orcish Mines.
 11415 | D:9      | Reached skill level 11 in Stealth
 11807 | D:9      | HP: 2/79 [scorpion (5)]
 11808 | D:9      | Succumbed to a scorpion's poison

Illustrated notes

Levels and vault maps discovered:
D:1:      dpeg_arrival_pits, layout_loops_corners,
          ebering_ecumenical_altar_webs, minmay_close_crescents
D:2:      layout_loops_cross, nicolae_concentric_dashed_squares_mild
D:3:      layout_basic, lemuel_doored_altar, dancing_weapons_uskayaw,
          nicolae_dithmenos_through_a_glass_darkly, mainiacjoe_overflow_paths,
          nicolae_twisty_statue_hallways, uniq_natasha, uniq_ijyb
D:4:      layout_cave_pools, kennysheep_mini_moat, uniq_edmund
D:5:      layout_loops_ring, cheibriados_altar_1,
          nicolae_yredelemnul_ghost_church
D:6:      layout_basic, lemuel_flame_loot_1
D:7:      layout_gridville, kennysheep_vampire_church, temple_green
D:8:      nicolae_moon_pools, layout_loops_ring
D:9:      layout_long_grid, due_lair_maze_entry_diamond, david_orc_2,
          minmay_misc_feat_hallway, disabler_island

Skill      XL: |  1  2  3  4  5  6  7  8  9 10 |
---------------+-------------------------------+-----
Stealth        | 10 11 | 11.0
Long Blades    | 1 2 3 4 5 |  5.3
Axes           | 1 2 3 4 5 |  5.3
Maces & Flails | 1 2 3 4 5 |  5.3
Polearms       | 1 2 3 4 5 |  5.3
Staves         | 1 2 3 4 5 |  5.3
Ranged Weapons | 1 2 3 4 5 |  5.3
Throwing       | 1 2 3 4 5 |  5.3
Armour         | 1 2 3 4 5 |  5.3
Shields        | 1 2 3 4 5 |  5.3
Unarmed Combat | 1 2 3 4 5 |  5.3
Spellcasting   | 1 2 3 4 5 |  5.3
Invocations    | 1 2 3 4 5 |  5.9
Evocations     | 1 2 3 4 5 |  5.3
Shapeshifting  | 1 2 3 4 |  4.9
Conjurations   | 1 2 3 4 |  4.4
Hexes          | 1 2 3 4 |  4.4
Summonings     | 1 2 3 4 |  4.4
Necromancy     | 1 2 3 4 |  4.4
Translocations | 1 2 3 4 |  4.4
Transmutations | 1 2 3 4 |  4.4
Fire Magic     | 1 2 3 4 |  4.4
Ice Magic      | 1 2 3 4 |  4.4
Air Magic      | 1 2 3 4 |  4.4
Earth Magic    | 1 2 3 4 |  4.4
Poison Magic   | 1 2 3 4 |  4.4
Short Blades   | 5 6 7 |  7.1
Dodging        | 5 6 7 |  7.1
Fighting       | 7 8 |  8.5

Action                     |  1- 3 |  4- 6 |  7- 9 | 10-12 || total
---------------------------+-------+-------+-------+-------++-------
  Melee: Short sword       |     3 |   143 |       |       ||   146
         Bite              |       |    11 |    66 |    33 ||   110
         Punch             |       |     1 |    20 |     9 ||    30
         Dagger            |       |    38 |   481 |   192 ||   711
   Fire: Orcbow            |       |       |     5 |       ||     5
 Invoke: Berserk           |       |     2 |    11 |     6 ||    19
         Trog's Hand       |       |       |     1 |       ||     1
  Evoke: Wand              |       |       |     2 |     2 ||     4
    Use: Scroll            |       |    10 |     3 |     1 ||    14
         Potion            |       |     3 |     2 |       ||     5
   Stab: Sleeping          |     3 |    23 |    19 |       ||    45
         Distracted        |       |     1 |     2 |     1 ||     4
 Armour: Leather armour    |     1 |    69 |   215 |    77 ||   362
         Robe              |       |       |       |    14 ||    14
  Dodge: Dodged            |       |    81 |   221 |   117 ||   419

Table legend: (Time is in decaauts)
 A = Elapsed time spent in this place.
 B = Non-inter-level travel time spent in this place.
 C = Inter-level travel time spent in this place.
 D = Time resting spent in this place.
 E = Time spent auto-exploring this place.
 F = Levels seen in this place.
 G = Mean time per level.
                   A        B        C        D        E       F      G
               +--------+--------+--------+--------+--------+-----+--------+
         Total |  11700 |  11067 |    633 |   4070 |   4374 |   9 | 1300.0 |
       Dungeon |  11700 |  11067 |    633 |   4070 |   4374 |   9 | 1300.0 |
               +--------+--------+--------+--------+--------+-----+--------+

Top non-repeatable levels by time:
     D:6: 1840 daAuts
     D:7: 1751 daAuts
     D:9: 1718 daAuts
     D:3: 1618 daAuts
     D:8: 1356 daAuts
     D:5: 1197 daAuts
     D:1: 893 daAuts
     D:2: 716 daAuts
     D:4: 607 daAuts
